 Dungeon Crawl Stone Soup version 0.21.1-1-g345015fe64 (webtiles) character file.

9327 Oravi the Slinger (level 11, 0/80 HPs)
             Began as a Halfling Hunter on Apr 20, 2018.
             Was a Priest of Okawaru.
             Succumbed to a killer bee's poison
             ... on level 10 of the Dungeon.
             The game lasted 01:03:33 (13761 turns).

Oravi the Slinger (Halfling Hunter)                Turns: 13761, Time: 01:03:33

Health: 0/80       AC: 13    Str: 13    XL:     11   Next: 72%
Magic:  11/11      EV: 21    Int: 14    God:    Okawaru [***...]
Gold:   396        SH:  0    Dex: 19    Spells: 10/10 levels left

rFire    + . .     SeeInvis +   b - +0 short sword
rCold    + . .     Gourm    .   (shield restricted)
rNeg     . . .     Faith    .   c - +0 leather armour
rPois    +         Spirit   .   x - +0 helmet
rElec    +         Reflect  .   e - +0 cloak
rCorr    +         Harm     .   C - +0 pair of gloves
MR       .....                  g - +2 pair of boots {Fly}
Stlth    ++........             A - amulet of rage
HPRegen  0.23/turn              m - +3 ring of protection
MPRegen  0.12/turn              t - ring of see invisible

@: brilliant, lethally poisoned (0 -> -1), resistant, flying, drained
A: small, mutation resistance 1
a: Heroism, Renounce Religion, Evoke Berserk Rage, Stop Flying


You were on level 10 of the Dungeon.
You worshipped Okawaru.
Okawaru was most pleased with you.
You were very hungry.

You visited 2 branches of the dungeon, and saw 11 of its levels.

You collected 396 gold pieces.

Inventory:

Hand Weapons
 a - a +2 hunting sling
 b - a +0 short sword (weapon)
 B - a +3 dagger
Armour
 c - a +0 leather armour (worn)
 e - a +0 cloak (worn)
 g - a +2 pair of boots of flying (worn)
 i - a cursed +0 ring mail
 n - a +1 ring mail of fire resistance
 p - a cursed -2 robe
 w - a +1 hat
 x - a +0 helmet (worn)
 C - a +0 pair of gloves (worn)
Jewellery
 k - an uncursed ring of ice
 m - a +3 ring of protection (left hand)
 s - a +2 ring of evasion
 t - a ring of see invisible (right hand)
 A - an amulet of rage (around neck)
 F - a +4 ring of protection
 L - an uncursed ring of fire {unknown}
Wands
 d - a wand of acid (5)
 l - a wand of paralysis (9)
 r - a wand of flame (24)
 M - a wand of iceblast (5)
Scrolls
 u - a scroll of remove curse
 D - 2 scrolls of blinking
 E - a scroll of enchant weapon
 K - 2 scrolls of magic mapping
Potions
 q - 3 potions of flight
 G - a potion of brilliance
Comestibles
 f - 19 rations


   Skills:
 + Level 9.2(9.1) Fighting
 * Level 8.7(8.5) Short Blades
 - Level 13.7(13.6) Slings
 + Level 3.8(3.7) Armour
 * Level 8.8(8.6) Dodging
 - Level 1.1(0.9) Stealth
 + Level 0.9(0.7) Invocations


You had 10 spell levels left.
You didn't know any spells.

Dungeon Overview and Level Annotations

Branches:
Dungeon (10/15)            Temple (1/1) D:7            Lair (0/6) D:9
    Orc (0/2) D:9

Altars:
Ashenzari
Cheibriados
Dithmenos
Elyvilon
Fedhas
Gozag
Hepliaklqana
Kikubaaqudgha
Makhleb
Nemelex Xobeh
Okawaru
Qazlal
Ru
Sif Muna
Trog
Uskayaw
Vehumet
Wu Jian
Xom
Yredelemnul
Zin
The Shining One

Annotations:
D:6 CInkIbrahim's ghost, novice OpGl
D:9 htuhola's ghost, journeyman DECj
D:10 Sonja


Innate Abilities, Weirdness & Mutations

You are small and have problems with some larger weapons.
You are somewhat resistant to further mutation.


Message History

You puncture the killer bee!
The killer bee is moderately wounded.
The killer bee completely misses you. The killer bee closely misses you.
You hit the killer bee.
The killer bee is severely wounded.
The killer bee completely misses you.
You hit the killer bee.
The killer bee is almost dead.
* * * LOW HITPOINT WARNING * * *
You feel sick. The killer bee completely misses you.
You hit the killer bee.
You kill the killer bee!
Okawaru accepts your kill.
* * * LOW HITPOINT WARNING * * *
You feel sick.
You see here a killer bee corpse.
* * * LOW HITPOINT WARNING * * *
You feel sick.
Okay, then.
You die...

##.
♣....♣).♣ ♣♣
#.
#.##.#...# #
... #.#.....
###.
#.#.###.# #.
#.#.# ... #.
#.#.# ## #.
#†#.#
#.#.########
#..@........
###
###.########
#<# #.# #.#
#.#
#.######.#
#........#
########.#
###


There were no monsters in sight!

Vanquished Creatures
  Joseph (D:9)
  The ghost of CInkIbrahim the Spear-Bearer, a novice OpGl (D:4)
  A troll (D:9)
  A queen bee (D:9)
  2 hippogriffs
  Sigmund (D:2)
  A wraith (D:7)
  6 yaks (D:10)
  A wyvern (D:8)
  A water moccasin (Temple)
  3 orc warriors
  3 sky beasts
  A phantom (D:5)
  A black bear (D:6)
  5 ogres
  3 ice beasts
  A necrophage (D:6)
  3 centaurs
  3 big kobolds
  4 bullfrogs
  A gnoll sergeant (D:9)
  4 scorpions
  54 killer bees
  3 wights (D:10)
  A bullfrog zombie (D:5)
  A howler monkey (D:8)
  4 crimson imps
  A centaur zombie (D:9)
  5 jellies
  3 bullfrog skeletons
  2 orc priests (D:9)
  A gnoll shaman (D:5)
  4 hounds
  12 orc wizards
  3 iguanas
  4 worker ants
  4 worker ant zombies
  11 gnolls
  11 adders
  A shadow imp (D:5)
  3 oozes
  An adder zombie (D:8)
  2 worms
  2 dart slugs (D:1)
  4 leopard geckos
  34 orcs
  2 giant cockroaches
  5 goblins
  11 hobgoblins
  2 jackals (D:1)
  16 kobolds
  4 quokkas
  A ball python skeleton (D:4)
  7 bats
  5 frilled lizards
  A quokka skeleton (D:5)
  3 rats (D:1)
276 creatures vanquished.

Vanquished Creatures (others)
  A centaur (D:5)
  A jelly (D:5)
  A worker ant (D:5)
  A hound skeleton (D:5)
  A leopard gecko (D:5)
  An orc (D:10)
6 creatures vanquished.

Grand Total: 282 creatures vanquished

Notes
Turn   | Place    | Note
-------+----------+-------------------------------------------
     0 | D:1      | Oravi the Halfling Hunter began the quest for the Orb.
     0 | D:1      | Reached XP level 1. HP: 14/14 MP: 1/1
     8 | D:1      | Reached skill level 6 in Slings
    83 | D:1      | Reached XP level 2. HP: 19/19 MP: 2/2
   407 | D:1      | Reached XP level 3. HP: 24/24 MP: 3/3
   839 | D:1      | Reached skill level 7 in Slings
   998 | D:1      | Reached skill level 1 in Short Blades
  1505 | D:2      | Reached XP level 4. HP: 29/29 MP: 4/4
  1539 | D:2      | Found a sparkling altar of Nemelex Xobeh.
  1543 | D:2      | Found a burning altar of Makhleb.
  1543 | D:2      | Found an ancient bone altar of Kikubaaqudgha.
  1556 | D:2      | Found a hide-covered altar of Uskayaw.
  1569 | D:2      | Found a snail-covered altar of Cheibriados.
  1623 | D:2      | Noticed Sigmund
  2497 | D:3      | Reached XP level 5. HP: 34/34 MP: 5/5
  2894 | D:3      | Found a glowing silver altar of Zin.
  2895 | D:3      | Found an opulent altar of Gozag.
  2957 | D:4      | Found a shadowy altar of Dithmenos.
  3008 | D:4      | Reached skill level 8 in Slings
  3008 | D:4      | Reached skill level 1 in Armour
  3297 | D:4      | Reached XP level 6. HP: 40/40 MP: 6/6
  3371 | D:4      | Noticed CInkIbrahim's ghost (novice OpGl)
  3757 | D:5      | Entered Level 5 of the Dungeon
  4194 | D:5      | Reached skill level 9 in Slings
  4194 | D:5      | Reached XP level 7. HP: 41/45 MP: 7/7
  4258 | D:5      | Found an ornate altar of the Wu Jian Council.
  4365 | D:5      | Found a shimmering altar of Xom.
  5015 | D:6      | Noticed CInkIbrahim's ghost (novice OpGl)
  5051 | D:5      | Reached skill level 10 in Slings
  5102 | D:6      | Reached XP level 8. HP: 47/52 MP: 8/8
  5140 | D:6      | Noticed a hippogriff
  5155 | D:6      | Killed a hippogriff
  5426 | D:6      | Reached skill level 11 in Slings
  6172 | D:7      | Reached XP level 9. HP: 54/58 MP: 9/9
  6226 | D:7      | Reached skill level 5 in Dodging
  6237 | D:7      | Reached skill level 5 in Short Blades
  6336 | D:7      | Reached skill level 12 in Slings
  6498 | D:7      | Found a staircase to the Ecumenical Temple.
  6508 | Temple   | Entered the Ecumenical Temple
  6599 | Temple   | Became a worshipper of Warmaster Okawaru
  6977 | D:7      | Reached skill level 5 in Fighting
  7187 | Temple   | Reached * piety under Okawaru
  7261 | D:7      | Reached skill level 13 in Slings
  7271 | D:7      | Found a radiant altar of Vehumet.
  7492 | D:8      | Reached XP level 10. HP: 59/66 MP: 10/10
  8103 | D:9      | Noticed htuhola's ghost (journeyman DECj)
  8160 | D:9      | Found a staircase to the Orcish Mines.
  8320 | D:9      | Reached ** piety under Okawaru
  8386 | D:9      | Found a staircase to the Lair.
  8900 | D:9      | Noticed Joseph
 11370 | D:2      | Killed Sigmund
 11520 | D:4      | Killed CInkIbrahim's ghost
 11520 | D:4      | Reached *** piety under Okawaru
 11890 | D:9      | Killed Joseph
 11890 | D:9      | Reached XP level 11. HP: 75/75 MP: 9/11
 12662 | D:10     | Entered Level 10 of the Dungeon
 12711 | D:10     | Reached **** piety under Okawaru
 13264 | D:10     | Received a gift from Okawaru
 13556 | D:10     | Received a gift from Okawaru
 13624 | D:10     | Noticed Sonja
 13750 | D:10     | HP: 4/80 [poisoned by a killer bee]
 13755 | D:10     | HP: 2/80 [poisoned by a killer bee]
 13761 | D:10     | Succumbed to a killer bee's poison

Skill      XL: |  1  2  3  4  5  6  7  8  9 10 11 |
---------------+----------------------------------+-----
Slings         | 6 7 8 9 10 11 13 | 13.7
Fighting       | 2 3 4 5 7 9 |  9.2
Short Blades   | 1 2 3 4 6 7 8 |  8.7
Armour         | 1 2 3 |  3.8
Dodging        | 3 4 6 7 8 |  8.8
Stealth        | |  1.1
Invocations    | |  0.9

Action                   |  1- 3 |  4- 6 |  7- 9 | 10-12 || total
-------------------------+-------+-------+-------+-------++-------
Melee: Short sword       |       |       |       |    77 ||    77
       Punch             |       |       |       |     1 ||     1
 Fire: Hunting sling     |   101 |   189 |   476 |   947 ||  1713
Invok: Heroism           |       |       |       |    14 ||    14
Evoke: Wand              |       |       |     1 |       ||     1
  Use: Scroll            |       |    13 |     3 |     6 ||    22
       Potion            |       |       |     1 |    12 ||    13
  Eat: Chunk             |     2 |     8 |     9 |    10 ||    29
       Ration            |       |       |       |     2 ||     2
Armor: Leather armour    |     1 |    14 |    24 |   111 ||   150
       Skin              |       |       |       |    12 ||    12
Dodge: Dodged            |    10 |    47 |    99 |   555 ||   711
